 Dungeon Sprint DCSS version 0.31.0-32-g396128a36d (webtiles) character file.

Game seed: 11704046606893139088

27255 Groucho the Covert (level 13, -11/68 HPs)
             Began as a Spriggan Earth Elementalist on Apr 9, 2024.
             Was the Champion of Sif Muna.
             Mangled by a deep elf blademaster
             ... wielding a +0 short sword
              (13 damage)
             ... in the Dungeon (Sprint VII: "The Pits").
             The game lasted 00:35:15 (14351 turns).

Groucho the Covert (Spriggan Earth Elementalist)   Turns: 14351, Time: 00:35:15

Health: -11/68     AC: 13    Str:  4    XL:     13   Next: 3%
Magic:  10/31      EV: 22    Int: 23    God:    Sif Muna [******]
Gold:   62         SH:  6    Dex: 20    Spells: 4/38 levels left

rFire   . . .        h - +2 dagger
rCold   . . .        t - +0 buckler
rNeg    . . .        F - +2 acid dragon scales
rPois   .            E - +2 hat
rElec   .            s - +0 cloak
rCorr   +            (gloves unavailable)
SInv    +            (boots unavailable)
Will    ++...        (no amulet)
Stlth   ++++++       n - +3 ring of dexterity
HPRegen 0.31/turn    o - +3 ring of intelligence
MPRegen 0.22/turn

%: no teleportation
@: channelling, very slightly contaminated, very quick
A: very small, no large weapons, unfitting armour, see invisible, speed 3
a: Renounce Religion, Channel Magic, Forget Spell, Divine Exegesis


You were in the Dungeon.
You worshipped Sif Muna.
Sif Muna was exalted by your worship.
You visited 1 branch You collected 62 gold pieces.

Inventory:

Hand Weapons
 h - a +2 dagger (weapon)
 r - a +2 rapier of draining
Armour
 m - a +0 troll leather armour
 s - a +0 cloak (worn)
 t - a +0 buckler (worn)
 E - a +2 hat (worn)
 F - +2 acid dragon scales (worn)
Jewellery
 n - a +3 ring of dexterity (left hand)
 o - a +3 ring of intelligence (right hand)
 B - a ring of positive energy
 C - a ring of fire
 D - a ring of willpower
Scrolls
 g - 2 scrolls of enchant weapon
 j - 2 scrolls of vulnerability
 k - 5 scrolls of amnesia
 l - a scroll of butterflies
 u - 2 scrolls of fear
 x - 2 scrolls of identify
 y - a scroll of fog
 z - a scroll of blinking
 A - 4 scrolls of enchant armour
Potions
 b - 5 potions of magic
 c - 10 potions of curing
 d - 9 potions of heal wounds
 e - 2 potions of haste
 f - 4 potions of berserk rage
 i - 2 potions of invisibility
 p - a potion of might
 q - 3 potions of brilliance
 v - 3 potions of mutation
 w - 3 potions of resistance


   Skills:
 + Level 8.2 Fighting
 - Level 10.0 Short Blades
 + Level 6.4 Armour
 + Level 12.5 Dodging
 + Level 14.5 Stealth
 + Level 4.9 Shields
 + Level 13.0 Spellcasting
 * Level 11.9 Conjurations
 - Level 10.0 Translocations
 * Level 14.4 Earth Magic
 + Level 10.0 Alchemy
 - Level 10.0 Invocations


You had 4 spell levels left.
You knew the following spells:

 Your Spells              Type           Power      Damage    Failure   Level
a - Sandblast             Erth           100%       2d20      1%          1
b - Stone Arrow           Conj/Erth      100%       3d13      1%          3
c - Petrify               Alch/Erth      63%        N/A       1%          4
d - Brom's Barrelling Bo  Conj/Erth      66%        2d8       1%          4
e - Blink                 Tloc           100%       N/A       1%          2
f - Bombard               Conj/Erth      33%        9d6       11%         6
g - Mephitic Cloud        Conj/Alch/Air  48%        N/A       2%          3
h - Irradiate             Conj/Alch      30%        3d21      4%          5
i - Apportation           Tloc           100%       N/A       1%          1
j - Lee's Rapid Deconstr  Erth           34%        3d17*     1%          5

Your spell library contained the following spells:

 Spells                   Type           Power      Damage    Failure   Level
 Foxfire                  Conj/Fire      100%       2x1d9     1%          1
 Magic Dart               Conj           100%       1d8       1%          1
 Sting                    Conj/Alch      100%       1d9       1%          1
 Lesser Beckoning         Tloc           100%       N/A       1%          2
 Momentum Strike          Conj/Tloc      100%       3d10      1%          2
 Passwall                 Erth           69%        N/A       1%          3
 Teleport Other           Tloc           57%        N/A       1%          3
 Fulminant Prism          Conj/Alch      30%        3d15      1%          4
 Iskenderun's Mystic Bla  Conj/Tloc      60%        2d13      1%          4
 Leda's Liquefaction      Alch/Erth      31%        N/A       1%          4
 Static Discharge         Conj/Air       84%        3-7/arc   2%          2
 Olgreb's Toxic Radiance  Alch           57%        N/A       2%          4
 Passage of Golubria      Tloc           57%        N/A       2%          4
 Dazzling Flash           Conj/Hex       84%        N/A       4%          3
 Hailstorm                Conj/Ice       42%        3d9       4%          3
 Volatile Blastmotes      Fire/Tloc      74%        2d16      6%          3
 Animate Armour           Summ/Erth      96%        N/A       9%          4
 Flame Wave               Conj/Fire      42%        2d11      14%         4
 Freeze                   Ice            56%        1d7       16%         1
 Necrotise                Necr           56%        1d6       16%         1
 Summon Small Mammal      Summ           56%        N/A       16%         1
 Ignite Poison            Fire/Alch      38%        N/A       21%         4
 Sticky Flame             Fire/Alch      38%        2d8       21%         4
 Call Imp                 Summ           28%        N/A       24%         2
 Ensorcelled Hibernation  Hex/Ice        28%        N/A       24%         2
 Jinxbite                 Hex            28%        N/A       24%         2
 Scorch                   Fire           28%        2d6       24%         2
 Frozen Ramparts          Ice            28%        1d5       43%         3
 Inner Flame              Hex/Fire       14%        N/A       43%         3
 Tukima's Dance           Hex            14%        N/A       43%         3
 Anguish                  Hex/Necr       7%         N/A       85%         4
 Martyr's Knell           Necr/Summ      14%        N/A       85%         4
 Iskenderun's Battlesphe  Conj           63%        2d11      3%          5
 Alistair's Intoxication  Alch           38%        N/A       8%          5
 Fireball                 Conj/Fire      21%        3d10      36%         5
 Eringya's Noxious Bog    Alch           28%        4d6       38%         6
 Summon Forest            Summ/Tloc      18%        N/A       50%         5
 Orb of Destruction       Conj           31%        9d10      71%         7
 Conjure Ball Lightning   Conj/Air       21%        3x3d6     91%         6
 Starburst                Conj/Fire      21%        6d7       91%         6
 Metabolic Englaciation   Hex/Ice        7%         N/A       99%         5
 Lehudib's Crystal Spear  Conj/Erth      33%        10d8      99%         8
 Summon Cactus Giant      Summ           7%         N/A       100%        6
 Malign Gateway           Summ/Tloc      18%        N/A       100%        7
 Monstrous Menagerie      Summ           7%         N/A       100%        7
 Borgnjor's Revivificati  Necr           7%         N/A       100%        8
 Maxwell's Capacitive Co  Air            7%         ∞         100%        8
 Chain Lightning          Conj/Air       21%        3d28      100%        9
 Fire Storm               Conj/Fire      21%        8d5       100%        9


Dungeon Overview and Level Annotations

Branches:
Dungeon (1/1)

Altars:
Ashenzari
Cheibriados
Dithmenos
Elyvilon
Fedhas
Gozag
Hepliaklqana
Kikubaaqudgha
Makhleb
Nemelex Xobeh
Okawaru
Qazlal
Ru
Sif Muna
Trog
Uskayaw
Vehumet
Wu Jian
Xom
Yredelemnul
Zin
The Shining One
Jiyva
Lugonu


Innate Abilities, Weirdness & Mutations

You are very small and have problems with some larger weapons.
You are too small for most types of armour.
You have supernaturally acute eyesight. (SInv)
You cover ground extremely quickly. (Speed+++)


Message History

* * * LOW HITPOINT WARNING * * *
You block the deep elf blademaster's attack.
You feel much better. The deep elf blademaster misses you.
The deep elf blademaster completely misses you.
You feel much better.
The deep elf blademaster barely misses you.
You block the deep elf blademaster's attack.
The deep elf blademaster hits you with a +0 short sword.
The deep elf blademaster barely misses you.
Unknown command.
Okay, then.
Casting: Mephitic Cloud (dangerous; 2% risk of failure)
Confirm with . or Enter, or press ? or * to list all spells.
Okay, then.
Casting: Mephitic Cloud (dangerous; 2% risk of failure)
Confirm with . or Enter, or press ? or * to list all spells.
You erupt in a fountain of uncontrolled magic!
The deep elf blademaster is blasted with magical radiation!!
The deep elf blademaster is heavily wounded.
You are very lightly contaminated with residual magic.
The deep elf blademaster hits you with a +0 short sword.
The deep elf blademaster hits you with a +0 short sword!
Unknown command.
Unknown command.
Casting: Irradiate (dangerous; 4% risk of failure)
Confirm with . or Enter, or press ? or * to list all spells.
You don't have enough magic to cast this spell.
Unknown command.
The deep elf blademaster hits you with a +0 short sword.
The deep elf blademaster barely misses you.
The deep elf blademaster hits you with a +0 short sword!
* * * LOW HITPOINT WARNING * * *
The deep elf blademaster hits you with a +0 short sword!
* * * LOW HITPOINT WARNING * * *
Unknown command.
You feel much better.
The deep elf blademaster hits you with a +0 short sword!!
* * * LOW HITPOINT WARNING * * *
The deep elf blademaster hits you with a +0 short sword!
You die...

#'#####'#####.....
#.#..#..#..##.....
#.#..'..'..#####'#
#.##'####+###.....
#.#........##.....
#)#........##.....
#.#####'#####...<.
#.#...)))[.##.....
#@#...)))[.##.....
#e###########.....
#...)...#..#######
#..#.#..#.########
#.##.##.#)#....#..
#.......#)#....#..
#)##.##.#.'....'..
#..#.#..#'#.†..#..
#.......'.#....#..


You could see a deep elf blademaster.

Vanquished Creatures
  A ghost moth (D)
  A deep elf sorcerer (D)
  2 orc warlords (D)
  A great orb of eyes (D)
  A vault guard (D)
  A catoblepas (D)
  A naga warrior (D)
  A death yak (D)
  A demonic crawler (D)
  3 deep elf knights (D)
  A sun demon (D)
  A shadow wraith (D)
  A phantasmal warrior (D)
  A bog body (D)
  9 orc knights (D)
  3 lindwurms (D)
  A deep elf pyromancer (D)
  A deep elf zephyrmancer (D)
  A manticore (D)
  4 cyclopes (D)
  An eye of devastation (D)
  A black mamba (shapeshifter) (D)
  A gargoyle (D)
  A yaktaur (D)
  A kobold demonologist (D)
  A rime drake (D)
  A komodo dragon (D)
  A guardian mummy (D)
  A red devil (D)
  A troll (D)
  A wind drake (D)
  A merfolk (D)
  A tyrant leech (D)
  3 glass eyes (D)
  4 blink frogs (D)
  5 dream sheep (D)
  An air elemental (D)
  Sigmund (D)
  A spriggan (D)
  A fire bat (D)
  A jumping spider (D)
  A wraith (D)
  5 slime creatures (D)
  A ynoxinul (D)
  A water elemental (D)
  A neqoxec (D)
  A redback (D)
  2 orc warriors (D)
  A sky beast (D)
  An ice beast (D)
  2 wolves (D)
  2 kobold brigands (D)
  A weeping skull (D)
  3 necrophages (D)
  A gnoll sergeant (D)
  A small abomination (D)
  2 wights (D)
  A jelly (D)
  An iron imp (D)
  An ufetubus (D)
  A ribbon worm (D)
  5 orcs (D)
  2 bat zombies (D)
  An endoplasm (D)
  2 giant cockroaches (D)
  A goblin (D)
  A hobgoblin (D)
  4 jackals (D)
  A kobold (D)
  A frilled lizard (D)
  2 rats (D)
116 creatures vanquished.

Vanquished Creatures (collateral kills)
  2 boulders (D)
2 creatures vanquished.

Vanquished Creatures (others)
  3 boulders (D)
3 creatures vanquished.

Grand Total: 121 creatures vanquished

Notes
Turn   | Place    | Note
-------+----------+-------------------------------------------
     0 | D        | Groucho the Spriggan Earth Elementalist began the quest for
                  | the Orb.
     0 | D        | Reached XP level 1. HP: 9/9 MP: 5/5
   471 | D        | Found a bloodstained altar of Trog.
   471 | D        | Found a shimmering blue altar of Sif Muna.
   471 | D        | Found a viscous altar of Jiyva.
   471 | D        | Found a hazy altar of Hepliaklqana.
   471 | D        | Found an opulent altar of Gozag.
   472 | D        | Found a glowing golden altar of the Shining One.
   472 | D        | Found a glowing silver altar of Zin.
   472 | D        | Found a basalt altar of Yredelemnul.
   472 | D        | Found a shimmering altar of Xom.
   472 | D        | Found an ornate altar of the Wu Jian Council.
   472 | D        | Found a sacrificial altar of Ru.
   472 | D        | Found a stormy altar of Qazlal.
   472 | D        | Found an iron altar of Okawaru.
   472 | D        | Found a sparkling altar of Nemelex Xobeh.
   472 | D        | Found a burning altar of Makhleb.
   472 | D        | Found a blossoming altar of Fedhas.
   472 | D        | Found a white marble altar of Elyvilon.
   472 | D        | Found a shadowy altar of Dithmenos.
   472 | D        | Found a snail-covered altar of Cheibriados.
   473 | D        | Found a radiant altar of Vehumet.
   473 | D        | Found a corrupted altar of Lugonu.
   474 | D        | Found an ancient bone altar of Kikubaaqudgha.
   474 | D        | Found a hide-covered altar of Uskayaw.
   474 | D        | Found a broken altar of Ashenzari.
   475 | D        | Became a worshipper of Sif Muna the Loreminder
   484 | D        | Noticed a glass eye
   508 | D        | Killed a glass eye
   509 | D        | Reached skill level 5 in Spellcasting
   509 | D        | Reached XP level 2. HP: 13/13 MP: 1/9
   509 | D        | Reached XP level 3. HP: 16/16 MP: 1/11
   509 | D        | Reached XP level 4. HP: 21/21 MP: 1/12
   509 | D        | Reached XP level 5. HP: 24/24 MP: 1/14
   804 | D        | Reached * piety under Sif Muna
   935 | D        | Reached ** piety under Sif Muna
   941 | D        | Learned a level 3 spell: Stone Arrow
   956 | D        | Noticed a wolf
   963 | D        | Killed a wolf
   964 | D        | Reached skill level 5 in Conjurations
   964 | D        | Reached XP level 6. HP: 19/28 MP: 8/16
   983 | D        | Reached *** piety under Sif Muna
  1162 | D        | Noticed a sky beast
  1296 | D        | Noticed an ice beast
  1307 | D        | Killed an ice beast
  1308 | D        | Reached skill level 5 in Invocations
  1458 | D        | Learned a level 4 spell: Petrify
  1463 | D        | Learned a level 4 spell: Brom's Barrelling Boulder
  1491 | D        | Killed a sky beast
  1492 | D        | Reached skill level 1 in Short Blades
  1492 | D        | Reached skill level 1 in Alchemy
  1702 | D        | Noticed Sigmund
  1726 | D        | Reached **** piety under Sif Muna
  1727 | D        | Reached skill level 1 in Fighting
  1727 | D        | Reached XP level 7. HP: 33/33 MP: 8/18
  1801 | D        | Killed Sigmund
  2125 | D        | Reached skill level 5 in Stealth
  2353 | D        | Noticed a rime drake
  2359 | D        | Killed a rime drake
  2360 | D        | Reached XP level 8. HP: 33/39 MP: 7/21
  2543 | D        | Reached skill level 5 in Dodging
  2544 | D        | Reached ***** piety under Sif Muna
  3033 | D        | Noticed a troll
  3039 | D        | Killed a troll
  3154 | D        | Noticed a glass eye
  3162 | D        | Killed a glass eye
  3316 | D        | Received a gift from Sif Muna
  3470 | D        | Learned a level 2 spell: Blink
  3479 | D        | Noticed a shadow wraith
  3479 | D        | Noticed a komodo dragon
  3499 | D        | Killed a shadow wraith
  3500 | D        | Reached skill level 5 in Short Blades
  3500 | D        | Reached skill level 1 in Armour
  3500 | D        | Reached skill level 10 in Earth Magic
  3500 | D        | Reached skill level 5 in Alchemy
  3500 | D        | Reached XP level 9. HP: 45/45 MP: 12/23
  3512 | D        | Killed a komodo dragon
  3835 | D        | Noticed a death yak
  3847 | D        | Killed a death yak
  4181 | D        | Noticed a deep elf zephyrmancer
  4188 | D        | Killed a deep elf zephyrmancer
  4188 | D        | Received a gift from Sif Muna
  4189 | D        | Got Sif Muna's Vellum of Blasting {god gift}
  4477 | D        | Learned a level 6 spell: Bombard
  4695 | D        | Reached XP level 10. HP: 51/51 MP: 17/24
  4996 | D        | Noticed an orc knight
  5005 | D        | Reached ****** piety under Sif Muna
  5258 | D        | Received a gift from Sif Muna
  5261 | D        | Got Sif Muna's Codex of Transforming Shadows {god gift}
  5280 | D        | Killed an orc knight
  5281 | D        | Reached skill level 5 in Translocations
  5705 | D        | Noticed a cyclops
  5728 | D        | Reached skill level 5 in Fighting
  5728 | D        | Reached skill level 10 in Spellcasting
  5735 | D        | Reached skill level 10 in Stealth
  5739 | D        | Received a gift from Sif Muna
  5740 | D        | Got Sif Muna's Elucidation of Blasts {god gift}
  6304 | D        | Noticed a manticore
  6321 | D        | Killed a manticore
  6321 | D        | Received a gift from Sif Muna
  6400 | D        | Learned a level 3 spell: Mephitic Cloud
  6406 | D        | Learned a level 5 spell: Irradiate
  6421 | D        | Killed a cyclops
  6513 | D        | Reached XP level 11. HP: 56/56 MP: 22/26
  6550 | D        | Reached skill level 1 in Shields
  6781 | D        | Noticed a demonic crawler
  6785 | D        | Noticed a sun demon
  6917 | D        | Killed a sun demon
  7459 | D        | Killed a demonic crawler
  7502 | D        | Received a gift from Sif Muna
  7672 | D        | Noticed a lindwurm
  7672 | D        | Noticed a bog body
  7811 | D        | Reached skill level 10 in Conjurations
  7835 | D        | Noticed a phantasmal warrior
  7902 | D        | Killed a lindwurm
  8249 | D        | Killed a phantasmal warrior
  8250 | D        | Reached skill level 10 in Dodging
  8304 | D        | Noticed a deep elf pyromancer
  8307 | D        | Killed a bog body
  8307 | D        | Received a gift from Sif Muna
  8311 | D        | Killed a deep elf pyromancer
  8317 | D        | Got Sif Muna's Commentary on Malevolent Ceremonies and the
                  | Legion {god gift}
  8506 | D        | Noticed a lindwurm
  8521 | D        | Noticed a sixfirhy
  8535 | D        | Killed a lindwurm
  8560 | D        | Received a gift from Sif Muna
  8942 | D        | Learned a level 1 spell: Apportation
  9051 | D        | Noticed a catoblepas
  9053 | D        | Noticed a deep elf sorcerer
  9114 | D        | Killed a catoblepas
  9115 | D        | Reached skill level 5 in Armour
  9307 | D        | Killed a deep elf sorcerer
  9581 | D        | Noticed a great orb of eyes
  9592 | D        | Killed a great orb of eyes
  9593 | D        | Reached XP level 12. HP: 29/62 MP: 2/28
 10324 | D        | Received a gift from Sif Muna
 10325 | D        | Got Sif Muna's Catalogue of Lithomancy {god gift}
 10332 | D        | Learned a level 5 spell: Lee's Rapid Deconstruction
 10856 | D        | Noticed an orc warlord
 10856 | D        | Noticed an orc warlord
 10922 | D        | Killed an orc warlord
 10987 | D        | Killed an orc warlord
 10988 | D        | Reached skill level 10 in Translocations
 11192 | D        | Paralysed by an air elemental for 1 turns
 11195 | D        | Received a gift from Sif Muna
 11196 | D        | Got Fuahext's Lessons on Virulent Transportation {god gift}
 11244 | D        | Reached skill level 10 in Invocations
 11715 | D        | Noticed a naga warrior
 11719 | D        | Noticed a vault guard
 11739 | D        | Killed a vault guard
 11836 | D        | Killed a naga warrior
 11994 | D        | Reached skill level 10 in Short Blades
 12488 | D        | Noticed a ghost moth
 12521 | D        | Killed a ghost moth
 12521 | D        | Received a gift from Sif Muna
 12522 | D        | Got Sif Muna's Spellbook of Doom {god gift}
 13744 | D        | Received a gift from Sif Muna
 13745 | D        | Reached skill level 10 in Alchemy
 13745 | D        | Reached XP level 13. HP: 35/68 MP: 2/30
 13747 | D        | Got Sif Muna's Compendium of Bruises {god gift}
 14216 | D        | Noticed a deep elf blademaster
 14346 | D        | HP: 2/68 [deep elf blademaster/+0 short sword (15)]
 14351 | D        | HP: 2/68 [deep elf blademaster/+0 short sword (22)]
 14351 | D        | Mangled by a deep elf blademaster

Illustrated notes

Levels and vault maps discovered:
D:        pitsprint [storerooms_1, entrance_room_1, metal_vault_6, armoury_2,
          mini_pit_1, grid_room_1, main_hall_1, silver_pit, the_coven_1,
          the_vestibule_1, steel_vault_3, golden_pit, hallway_of_sentries,
          crystal_vault_1, iron_vault_3, final_vault]

Skill      XL: |  1  2  3  4  5  6  7  8  9 10 11 12 13 |
---------------+----------------------------------------+-----
Earth Magic    | 6 7 8 9 10 11 13 14 | 14.4
Spellcasting   | 5 6 7 8 9 10 11 12 13 | 13.0
Conjurations   | 4 5 6 7 8 9 10 11 | 11.9
Invocations    | 4 5 6 7 8 9 10 | 10.0
Short Blades   | 1 3 5 6 7 9 10 | 10.0
Dodging        | 3 4 6 7 9 10 12 | 12.5
Alchemy        | 1 3 5 7 8 10 | 10.0
Fighting       | 1 2 3 4 5 6 8 |  8.2
Stealth        | 4 5 8 9 10 12 14 | 14.5
Armour         | 1 2 4 5 6 |  6.4
Translocations | 2 4 6 9 10 | 10.0
Shields        | 3 4 |  4.9

Action                     |  1- 3 |  4- 6 |  7- 9 | 10-12 | 13-15 || total
---------------------------+-------+-------+-------+-------+-------++-------
  Melee: Dagger            |     6 |       |     4 |    56 |       ||    66
         Punch             |     1 |       |       |       |       ||     1
   Cast: Sandblast         |     9 |     7 |       |     1 |       ||    17
         Stone Arrow       |       |    15 |    49 |   164 |    11 ||   239
         Brom's Barrelling |       |       |     2 |     6 |     1 ||     9
         Petrify           |       |       |     1 |    51 |       ||    52
         Mephitic Cloud    |       |       |       |     1 |     1 ||     2
         Lee's Rapid Decon |       |       |       |     2 |       ||     2
         Irradiate         |       |       |       |       |     1 ||     1
 Invoke: Channel Magic     |       |       |       |     7 |     1 ||     8
    Use: Potion            |       |       |       |     2 |     3 ||     5
         Scroll            |       |       |       |     1 |       ||     1
   Stab: Sleeping          |       |       |     1 |     2 |       ||     3
         Petrified         |       |       |     1 |    39 |       ||    40
         Petrifying        |       |       |     1 |     2 |       ||     3
 Armour: Robe              |       |     6 |     5 |    23 |       ||    34
         Troll leather arm |       |       |       |    23 |       ||    23
         Acid dragon scale |       |       |       |     4 |    18 ||    22
  Dodge: Dodged            |     3 |     9 |     7 |    60 |     6 ||    85
  Block: Buckler           |       |       |       |     7 |     3 ||    10
